 Dungeon Crawl Stone Soup version 0.30-a0-629-gd54f4be4f7 (webtiles) character file.

Game seed: 2202217398222329402

5497 Hubris850 the Geomancer (level 10, -2/50 HPs)
             Began as a Gargoyle Earth Elementalist on Jan 12, 2023.
             Was a Follower of Vehumet.
             Slain by a centaur
             ... wielding a +0 quarterstaff
              (5 damage)
             ... on level 10 of the Dungeon.
             The game lasted 00:26:13 (8535 turns).

Hubris850 the Geomancer (GrEE)                      Turns: 8535, Time: 00:26:14

Health: -2/50      AC: 13    Str: 15    XL:     10   Next: 70%
Magic:  19/20      EV: 12    Int: 17    God:    Vehumet [*.....]
Gold:   545        SH:  0    Dex: 10    Spells: 12/23 levels left

rFire   . . .      SeeInvis .    b - staff of conjuration
rCold   . . .      Faith    .    (no shield)
rNeg    + . .      Spirit   .    v - +2 robe {Will+}
rPois   ∞          Reflect  .    u - +0 helmet
rElec   +          Harm     .    (no cloak)
rCorr   +          Rampage  .    (no gloves)
Will    +....                    A - +0 pair of boots
Stlth   ++                       (no amulet)
HPRegen 0.28/turn                w - ring of resist corrosion
MPRegen 0.17/turn                (no ring)

@: no status effects
A: sickness immunity, AC +7, negative energy resistance 1, electricity
resistance, torment resistance 1, petrification resistance
a: Renounce Religion


You were on level 10 of the Dungeon.
You worshipped Vehumet.
Vehumet was aware of your devotion.
You visited 2 branches of the dungeon, and saw 11 of its levels.

You collected 545 gold pieces.

Inventory:

Hand Weapons
 e - a +0 dagger
 i - a +0 whip of chaos
 o - a +2 whip of freezing
 q - the +10 dagger "Qupumidi" {drain, rN++}
   (You took it off a goblin on level 4 of the Dungeon)

   rN:        It greatly protects you from negative energy.
Missiles
 s - a curare-tipped dart
 B - 10 boomerangs
 G - 2 poisoned darts
Armour
 a - a +0 robe
 j - a +0 tower shield
 n - a +0 leather armour of cold resistance
 p - a +0 leather armour
 u - a +0 helmet (worn)
 v - a +2 robe of willpower (worn)
 A - a +0 pair of boots (worn)
 D - the +2 ring mail of Xepu {Harm Rampage Will- Int-4}
   (You found it on level 6 of the Dungeon)

   Int:       It affects your intelligence (-4).
   Harm:      It increases damage dealt and taken.
   Rampage:   It bestows one free step when moving towards enemies.
   Will:      It decreases your willpower.
Magical Staves
 b - a staff of conjuration (weapon)
 y - a staff of cold
Jewellery
 t - a ring of fire
 w - a ring of resist corrosion (left hand)
Wands
 E - a wand of flame (23)
 I - a wand of polymorph (8)
Scrolls
 d - a scroll of teleportation
 g - 3 scrolls of fog
 h - 2 scrolls of enchant weapon
 l - a scroll of immolation
 z - 2 scrolls of poison
 F - a scroll of silence {unknown}
Potions
 c - 4 potions of curing
 f - 4 potions of attraction
 k - 2 potions of magic
 m - 4 potions of lignification
 r - 2 potions of might
 x - 2 potions of haste {unknown}
 C - a potion of invisibility
 H - 2 potions of mutation {unknown}


   Skills:
 - Level 0.1 Fighting
 - Level 0.1 Armour
 - Level 1.6 Dodging
 - Level 2.1 Stealth
 + Level 9.0 Unarmed Combat
 + Level 7.0 Spellcasting
 + Level 8.0 Conjurations
 - Level 0.7 Transmutations
 + Level 9.6 Earth Magic


You had 12 spell levels left.
You knew the following spells:

 Your Spells              Type           Power      Damage    Failure   Level
a - Sandblast             Erth           76%        2d16      1%          1
b - Passwall              Tmut/Erth      19%        N/A       1%          2
c - Stone Arrow           Conj/Erth      100%       3d13      1%          3
d - Lee's Rapid Deconstr  Erth           19%        3d11*     6%          5

Your spell library contained the following spells:

 Spells                   Type           Power      Damage    Failure   Level
 Freeze                   Ice            24%        1d4       12%         1
 Foxfire                  Conj/Fire      100%       2x1d9     2%          1
 Shock                    Conj/Air       100%       1d9       2%          1
 Iskenderun's Battlesphe  Conj           49%        2d10      12%         5
 Petrify                  Tmut/Erth      23%        N/A       14%         4
 Fulminant Prism          Conj/Hex       14%        3d8       22%         4
 Iskenderun's Mystic Bla  Conj/Tloc      29%        2d7       22%         4
 Kindle Blastsparks       Fire/Tloc/Air  12%        2d11      34%         3
 Swiftness                Air            6%         N/A       34%         3
 Iron Shot                Conj/Erth      26%        9d6       43%         6
 Fireball                 Conj/Fire      14%        3d8       52%         5
 Airstrike                Air            3%         2d(1-17)  75%         4
 Starburst                Conj/Fire      14%        6d6       98%         6
 Spellforged Servitor     Conj/Summ      14%        N/A       100%        7


Dungeon Overview and Level Annotations

Branches:
Dungeon (10/15)            Temple (1/1) D:7
   Lair: D:8-11         Orc: D:9-12

Altars:
Ashenzari
Cheibriados
Dithmenos
Elyvilon
Fedhas
Gozag
Hepliaklqana
Kikubaaqudgha
Makhleb
Nemelex Xobeh
Okawaru
Qazlal
Ru
Sif Muna
Uskayaw
Vehumet
Wu Jian
Xom
Yredelemnul
Zin
The Shining One

Shops:
D:2 !


Innate Abilities, Weirdness & Mutations

You are immune to sickness and miasma.
Your stone body is resilient. (AC +7)
You are immune to poison.
You resist negative energy. (rN+)
You are resistant to electric shocks. (rElec)
You are resistant to unholy torment.
You are immune to petrification.


Message History

The centaur completely misses you. The centaur closely misses you.
You hit the centaur but do no damage.
The centaur is heavily wounded.
The centaur hits you with a +0 quarterstaff!
The centaur closely misses you. The centaur barely misses you.
The centaur closely misses you.
You hit the centaur.
The centaur is severely wounded.
The centaur hits you with a +0 quarterstaff.
The centaur kicks you but does no damage.
The centaur hits you with a +0 quarterstaff.
The centaur kicks you but does no damage.
You barely miss the centaur.
The centaur is severely wounded.
The centaur misses you.
The centaur kicks you but does no damage.
You hit the centaur.
The centaur is severely wounded.
The centaur barely misses you. x2
The centaur hits you with a +0 quarterstaff.
The centaur kicks you but does no damage.
You closely miss the centaur.
The centaur is severely wounded.
The centaur hits you with a +0 quarterstaff!
* * * LOW HITPOINT WARNING * * *
The centaur kicks you but does no damage.
The centaur hits you with a +0 quarterstaff.
* * * LOW HITPOINT WARNING * * *
The centaur kicks you but does no damage.
You hit the centaur but do no damage.
The centaur is severely wounded.
The centaur hits you with a +0 quarterstaff.
* * * LOW HITPOINT WARNING * * *
The centaur barely misses you.
The centaur hits you but does no damage.
The centaur barely misses you.
You closely miss the centaur.
The centaur is severely wounded.
The centaur hits you with a +0 quarterstaff.
You die...

........# #.#
#######[#####
#.# # #.....#
#.# #
#.#.#.####.# #
#........†.# #
#.....####.##
#
#.#######...##
#######.#
#...c.#####
........#
##.@.......
.##.###.#
##.#######
.##.###.# #.#
........# #.#
###.##### #'#
#.# ... #.####
... #.##.##
... #.#...####


You could see a centaur.

Vanquished Creatures
  A hornet (D:6)
  A wraith (D:8)
  14 yaks
  A steam dragon (D:5)
  A water moccasin (D:8)
  A black bear (D:4)
  2 orc warriors
  2 ice beasts
  A sky beast (D:6)
  2 ogres
  The ghost of ctx the Digger, an amateur GnEE (D:3)
  A centaur (D:7)
  A phantom (D:6)
  A kobold brigand (D:4)
  2 bullfrogs (D:7)
  A necrophage (D:6)
  2 scorpions
  5 wights
  A killer bee (D:5)
  5 howler monkeys
  6 crimson imps (D:7)
  2 bullfrog zombies (D:3)
  2 hounds
  3 jellies
  2 orc priests (D:6)
  A bullfrog skeleton (D:3)
  A gnoll bouda (D:5)
  5 iguanas
  5 orc wizards
  3 adders
  9 gnolls
  A shadow imp (D:5)
  3 white imps (D:7)
  3 ufetubi
  A worm (D:2)
  The ghost of flotson the Sneak, a weakling DsDe (D:5)
  2 dart slugs
  27 orcs
  14 endoplasms
  4 giant cockroaches
  10 hobgoblins
  9 jackals
  7 quokkas
  8 ball pythons
  10 bats
  4 frilled lizards
  6 goblins
  4 kobolds
  3 rats
202 creatures vanquished.

Vanquished Creatures (others)
  A plant (D:10)
1 creature vanquished.

Grand Total: 203 creatures vanquished

Notes
Turn   | Place    | Note
-------+----------+-------------------------------------------
     0 | D:1      | Hubris850 the Gargoyle Earth Elementalist began the quest
                  | for the Orb.
     0 | D:1      | Reached XP level 1. HP: 10/10 MP: 3/3
   230 | D:1      | Reached skill level 1 in Unarmed Combat
   242 | D:1      | Reached XP level 2. HP: 15/15 MP: 1/5
   787 | D:1      | Reached XP level 3. HP: 7/19 MP: 4/6
  1138 | D:2      | Found Uduo's Distillery.
  1254 | D:2      | Learned a level 2 spell: Passwall
  1258 | D:2      | Learned a level 3 spell: Stone Arrow
  1822 | D:3      | Found a faded altar of an unknown god.
  1873 | D:3      | Reached XP level 4. HP: 24/24 MP: 2/7
  2119 | D:3      | Found a runed translucent gate.
  2119 | D:3      | Found a runed translucent gate.
  2120 | D:3      | Found a runed translucent gate.
  2633 | D:3      | Noticed ctx's ghost (amateur GnEE)
  2769 | D:4      | Reached XP level 5. HP: 4/28 MP: 0/8
  3055 | D:4      | Identified the +10 dagger "Qupumidi" {drain, rN++}
  3058 | D:4      | Reached skill level 5 in Unarmed Combat
  3183 | D:4      | Noticed a kobold brigand
  3190 | D:4      | Killed a kobold brigand
  3191 | D:4      | Reached skill level 1 in Conjurations
  3191 | D:4      | Reached XP level 6. HP: 27/32 MP: 5/9
  3715 | D:5      | Entered Level 5 of the Dungeon
  3715 | D:5      | Noticed a black bear
  3727 | D:4      | Killed a black bear
  3871 | D:3      | Killed ctx's ghost
  3872 | D:3      | Reached XP level 7. HP: 23/36 MP: 11/11
  4031 | D:5      | Reached skill level 5 in Earth Magic
  4363 | D:5      | Noticed a steam dragon
  4388 | D:5      | Killed a steam dragon
  4389 | D:5      | Reached XP level 8. HP: 23/41 MP: 13/13
  4712 | D:5      | Found a runed translucent gate.
  4713 | D:5      | Found a runed translucent gate.
  4713 | D:5      | Noticed flotson's ghost (weakling DsDe)
  4714 | D:5      | Found a runed translucent gate.
  4715 | D:5      | Found an opulent altar of Gozag.
  4752 | D:5      | Killed flotson's ghost
  4958 | D:6      | Identified a scroll of acquirement
  4959 | D:6      | Acquired a staff of conjuration
  5101 | D:6      | Reached skill level 5 in Conjurations
  5109 | D:6      | Reached XP level 9. HP: 37/45 MP: 16/16
  5230 | D:6      | Noticed a hornet
  5235 | D:6      | Killed a hornet
  5236 | D:6      | Reached skill level 5 in Spellcasting
  5620 | D:6      | Found a burning altar of Makhleb.
  5620 | D:6      | Found an ornate altar of the Wu Jian Council.
  5624 | D:6      | Identified the +2 ring mail of Xepu {Harm Rampage Will-
                  | Int-4}
  6359 | D:7      | Found a staircase to the Ecumenical Temple.
  6413 | Temple   | Entered the Ecumenical Temple
  6524 | Temple   | Became a worshipper of Vehumet
  7238 | D:8      | Reached XP level 10. HP: 11/50 MP: 12/19
  7967 | D:8      | Learned a level 5 spell: Lee's Rapid Deconstruction
  8354 | D:9      | You fall into a shaft and drop 1 floor!
  8354 | D:10     | Entered Level 10 of the Dungeon
  8443 | D:10     | Reached * piety under Vehumet
  8443 | D:10     | Offered knowledge of Freeze by Vehumet.
  8535 | D:10     | Slain by a centaur

Illustrated notes

Levels and vault maps discovered:
D:1:      grunt_arrival_lava_bath, layout_loops_ring, moated_statue,
          dk_noncrumbling_4
D:2:      layout_rooms, serial_corexii_hall, chequers_hall_statues_wall_a,
          corexii_hall_statues_x, serial_shops, shop, kennysheep_generic_room_3
D:3:      layout_rooms, gammafunk_ghost_necromancy,
          nicolae_ecumenical_oubliette, st_stairs_14
D:4:      layout_basic
D:5:      layout_cave_pools, ebering_ghost_gozag
D:6:      layout_loops_cross, gammafunk_temple_overflow_statue
D:7:      layout_basic, minmay_temple_entry_glass, minmay_nine_imps
D:8:      layout_loops_cross
D:9:      layout_roguey, kennysheep_little_box, enter_bailey_3,
          gammafunk_ghost_spectres, guppyfry_shop_venom, uniq_maggie
D:10:     layout_loops_corners, minmay_lair_entry_grove, serial_shops,
          nicolae_shop_hallway_plus, uniq_joseph
Temple:   nicolae_temple_bog_church

Skill      XL: |  1  2  3  4  5  6  7  8  9 10 |
---------------+-------------------------------+-----
Unarmed Combat | 1 2 3 4 5 6 7 8 9 |  9.0
Conjurations   | 1 2 3 5 6 8 |  8.0
Earth Magic    | 4 5 6 8 9 |  9.6
Spellcasting   | 3 4 6 7 |  7.0
Fighting       | |  0.1
Armour         | |  0.1
Dodging        | |  1.6
Stealth        | |  2.1
Transmutations | |  0.7

Action                   |  1- 3 |  4- 6 |  7- 9 | 10-12 || total
-------------------------+-------+-------+-------+-------++-------
Melee: Unarmed           |    23 |    22 |    16 |   116 ||   177
       Dagger            |    22 |    47 |   258 |       ||   327
       Whip              |    33 |       |       |       ||    33
       Punch             |     2 |     3 |     9 |    10 ||    24
       Staff             |       |       |       |    12 ||    12
 Cast: Sandblast         |    44 |    65 |    31 |     2 ||   142
       Stone Arrow       |       |       |    12 |    24 ||    36
  Use: Scroll            |       |       |    15 |       ||    15
       Potion            |       |       |     2 |       ||     2
 Stab: Sleeping          |     2 |     1 |     2 |       ||     5
Armor: Robe              |    49 |    42 |   101 |    53 ||   245
       Leather armour    |       |     7 |       |       ||     7
Dodge: Dodged            |    68 |    77 |   201 |    54 ||   400

Table legend: (Time is in decaauts)
 A = Elapsed time spent in this place.
 B = Non-inter-level travel time spent in this place.
 C = Inter-level travel time spent in this place.
 D = Time resting spent in this place.
 E = Time spent auto-exploring this place.
 F = Levels seen in this place.
 G = Mean time per level.
                   A        B        C        D        E       F      G
               +--------+--------+--------+--------+--------+-----+--------+
         Total |   8589 |   8191 |    398 |    873 |   5701 |  11 |  780.8 |
       Dungeon |   8461 |   8076 |    385 |    873 |   5607 |  10 |  846.1 |
        Temple |    127 |    114 |     13 |      0 |     94 |   1 |  127.0 |
               +--------+--------+--------+--------+--------+-----+--------+

Top non-repeatable levels by time:
     D:7: 1288 daAuts
     D:8: 1121 daAuts
     D:3: 1109 daAuts
     D:4: 1101 daAuts
     D:1: 1067 daAuts
     D:6: 983 daAuts
     D:5: 824 daAuts
     D:2: 790 daAuts
    D:10: 174 daAuts
  Temple: 127 daAuts
